 Dungeon Crawl Stone Soup version 0.24-a0-416-g56ce5178b7 (webtiles) character file.

Game seed: 15917264920759485161

106 ohad the Insei (level 4, 25/25 HPs)
             Began as an Octopode Transmuter on June 8, 2019.
             Quit the game on level 3 of the Dungeon.
             The game lasted 00:05:51 (2716 turns).

ohad the Insei (Octopode Transmuter)                Turns: 2716, Time: 00:05:52

Health: 25/25      AC:  1    Str: 11    XL:     4   Next: 84%
Magic:  7/7        EV: 14    Int: 16    God:
Gold:   143        SH:  0    Dex: 10    Spells: 1/7 levels left

rFire    . . .     SeeInvis .     - Unarmed
rCold    . . .     Gourm    .   (no shield)
rNeg     . . .     Faith    .   (helmet restricted)
rPois    .         Spirit   .   (no amulet)
rElec    .         Reflect  .   (no ring)
rCorr    .         Harm     .   (no ring)
MR       .....                  (no ring)
Stlth    ++........             (no ring)
HPRegen  0.08/turn              (no ring)
MPRegen  0.10/turn              (no ring)
                                (no ring)
                                (no ring)

@: no status effects
A: almost no armour, stealthy swim, amphibious, 8 rings, constrict 8, beak,
camouflage 1, clumsy 1, frail 1, strong 1, gelatinous body 1
a: no special abilities


You were on level 3 of the Dungeon.
You were not hungry.

You visited 1 branch of the dungeon, and saw 3 of its levels.

You collected 143 gold pieces.

Inventory:

Hand Weapons
 f - a +0 dagger of venom
Missiles
 a - 71 arrows
Wands
 l - a wand of acid (7)
 m - a wand of iceblast (12)
Scrolls
 d - a scroll of identify {unknown}
 e - a scroll of remove curse {unknown}
 h - a scroll of fear {unknown}
 i - 2 scrolls of blinking {unknown}
Potions
 j - 2 potions of flight {unknown}
 k - a potion of heal wounds {unknown}
 n - a potion of invisibility {unknown}
Comestibles
 c - 6 rations


   Skills:
 - Level 1.0 Fighting
 * Level 3.1 Dodging
 + Level 4.8 Unarmed Combat
 - Level 2.0 Spellcasting
 - Level 2.0 Transmutations


You had one spell level left.
You knew the following spells:

 Your Spells              Type           Power        Failure   Level  Hunger
a - Beastly Appendage     Tmut           #.....       9%          1    #......
b - Sticks to Snakes      Tmut           #.......     14%         2    ###....
c - Spider Form           Tmut/Pois      #.........   38%         3    ###....

Your spell library contained the following spells:

 Spells                   Type           Power        Failure   Level  Hunger
 Ice Form                 Ice/Tmut       #.......     80%         4    #####..
 Blade Hands              Tmut           #.........   94%         5    ######.


Dungeon Overview and Level Annotations

Branches:
Dungeon (3/15)

Altars:


Innate Abilities, Weirdness & Mutations

You cannot wear most types of armour.
You are very stealthy in the water. (Stealth+)
You are amphibious.
You can wear up to eight rings at the same time.
You can use your tentacles to constrict eight enemies at once.
Your skin changes colour to match your surroundings (Stealth+).
Your rubbery body absorbs attacks. (AC +1, EV +1)
You have a beak for a mouth.
You are clumsy. (Dex -2)
You are frail. (-10% HP)
Your muscles are strong. (Str +2)


Message History

You see here an adder corpse.
You butcher the adder corpse.
b - 3 chunks of flesh (gained 2)
You see here an adder skeleton.
You feel sick.
You start resting.
You feel sick. x2
You are no longer poisoned.
You start resting.
Some of the chunks of flesh in your inventory have rotted away.
Eating one of 2 chunks of flesh.
You eat one of the 2 chunks of flesh.
This raw flesh tastes terrible.
All of the chunks of flesh in your inventory have rotted away.
HP restored.
Okay, then.
Really quaff the potion of mutation?
You feel extremely strange. Nature stops experimenting on you.
You feel robust. The antennae on your head shrink away.
You feel clumsy.
You feel frail.
You feel stronger.
Are you sure you want to abandon this character and quit the game? (Confirm with "yes".)

....### #.. #####....<
# ##### .........## .#
#....
##.......###..#####.###
#......................
#....รท........####.##.
##..#......... #.##.
#.###........ #....
#..#@#.#####. ####.
#.#)##.# ## #......# #
####.#### # #......# #
#.##.#.# #### #.##.#.#
#... #.#..#.# #.##
#.#.##.# #.##


There were no monsters in sight!

Vanquished Creatures
  Ijyb (D:3)
  3 adders
  An ooze (D:2)
  3 dart slugs (D:2)
  3 leopard geckos
  4 goblins
  8 hobgoblins
  3 jackals (D:2)
  3 kobolds
  A quokka (D:2)
  4 bats
  3 frilled lizards
  5 rats
42 creatures vanquished.

Notes
Turn   | Place    | Note
-------+----------+-------------------------------------------
     0 | D:1      | ohad the Octopode Transmuter began the quest for the Orb.
     0 | D:1      | Reached XP level 1. HP: 13/13 MP: 3/3
   416 | D:1      | Reached XP level 2. HP: 18/18 MP: 3/5
  1209 | D:2      | Reached XP level 3. HP: 20/23 MP: 4/6
  1559 | D:2      | Reached skill level 4 in Unarmed Combat
  1930 | D:2      | Learned a level 2 spell: Sticks to Snakes
  1934 | D:2      | Learned a level 3 spell: Spider Form
  2068 | D:2      | Reached XP level 4. HP: 27/28 MP: 7/7
  2189 | D:3      | Noticed Ijyb
  2199 | D:3      | Killed Ijyb
  2434 | D:3      | Gained mutation: You evolve. [potion of mutation]
  2434 | D:3      | Gained mutation: You are frail. (-10% HP) [potion of
                  | mutation]
  2434 | D:3      | Gained mutation: You have a beak for a mouth. [potion of
                  | mutation]
  2434 | D:3      | Gained mutation: You have a pair of small antennae on your
                  | head. [potion of mutation]
  2715 | D:3      | Lost mutation: You evolve. [potion of mutation]
  2715 | D:3      | Lost mutation: You are frail. (-10% HP) [potion of
                  | mutation]
  2715 | D:3      | Lost mutation: You have a pair of small antennae on your
                  | head. [potion of mutation]
  2715 | D:3      | Gained mutation: You are clumsy. (Dex -2) [potion of
                  | mutation]
  2715 | D:3      | Gained mutation: You are frail. (-10% HP) [potion of
                  | mutation]
  2715 | D:3      | Gained mutation: Your muscles are strong. (Str +2) [potion
                  | of mutation]
  2716 | D:3      | Quit the game

Levels and vault maps discovered:
D:1:      minmay_arrival_diagonal_passages, layout_basic
D:2:      layout_basic, first_ration
D:3:      layout_loops_cross, uniq_sigmund, uniq_ijyb, uniq_crazy_yiuf_cottage

Skill      XL: |  1  2  3  4 |
---------------+-------------+-----
Unarmed Combat | 4 |  4.8
Dodging        | 3 |  3.1
Fighting       | |  1.0
Spellcasting   | |  2.0
Transmutations | |  2.0

Action                   |  1- 3 |  4- 6 || total
-------------------------+-------+-------++-------
Melee: Unarmed           |    74 |    29 ||   103
       Constrict         |    22 |     4 ||    26
       Kick              |     5 |     4 ||     9
       Punch             |     2 |       ||     2
       Tentacles         |     8 |     2 ||    10
 Cast: Beastly Appendage |     7 |     3 ||    10
       Spider Form       |       |     1 ||     1
  Use: Potion            |       |     2 ||     2
 Stab: Sleeping          |     8 |     1 ||     9
  Eat: Chunk             |     4 |     2 ||     6
Armor: Skin              |     5 |       ||     5
Dodge: Dodged            |    34 |    15 ||    49

Table legend:
 A = Non-vault XP
 B = Vault XP
 C = Vault XP percentage of total XP
 D = Non-vault monster count
 E = Vault monster count
 F = Vault count percentage of total count
                 A         B        C        D         E       F
            +---------+---------+-------+---------+---------+-------
      Total |     116 |      36 |  23.7 |      41 |       1 |   2.4
            +---------+---------+-------+---------+---------+-------
        D:1 |      17 |       0 |   0.0 |      10 |       0 |   0.0
        D:2 |      68 |       0 |   0.0 |      26 |       0 |   0.0
        D:3 |      31 |      36 |  53.7 |       5 |       1 |  16.7
            +---------+---------+-------+---------+---------+-------
